3235 views
Uploaded 2020-05-13 11:19:53
Game version 1.32.4 / 1.32.5
16:08 long 2on2 ladder game on (4)CentaurGrove
Saved by NICKTHEBOT
3235 views
Uploaded 2020-05-13 11:19:53
Game version 1.32.4 / 1.32.5
16:08 long 2on2 ladder game on (4)CentaurGrove


58 units @ 5.9k
/ 0.5k
48 buildings @ 6.6k
/ 2.5k


| Scroll of Regeneration | 1 | 100 |
| Scroll of Town Portal | 1 | 350 |
| total: | 2 | 450g |
| Peasant | 21 | 1575 | / | 0 |
| Footman | 3 | 405 | / | 0 |
| Spell Breaker | 2 | 430 | / | 60 |
| Goblin Shredder | 1 | 375 | / | 100 |
| Goblin Zeppelin | 1 | 240 | / | 60 |
| total: | 28 | 3025g | / | 220w |
| Scout Tower | 7 | 210 | / | 140 |
| Arcane Tower | 3 | 210 | / | 150 |
| Guard Tower | 1 | 70 | / | 50 |
| Altar of Kings | 2 | 360 | / | 100 |
| Barracks | 1 | 160 | / | 60 |
| Farm | 6 | 480 | / | 120 |
| Lumber Mill | 1 | 120 | / | 0 |
| Arcane Vault | 1 | 130 | / | 30 |
| Blacksmith | 1 | 140 | / | 60 |
| Arcane Sanctum | 3 | 450 | / | 420 |
| Keep | 1 | 320 | / | 210 |
| Castle | 1 | 360 | / | 210 |
| total: | 22 | 2050g | / | 930w |
| 0:02 | Peasant |
| 0:02 | Peasant |
| 0:05 | Altar of Kings |
| 0:06 | Altar of Kings |
| 0:19 | Barracks |
| 0:30 | Peasant |
| 0:34 | Farm |
| 0:36 | Peasant |
| 0:45 | Peasant |
| 0:52 | Peasant |
| 1:04 | Farm |
| 1:06 | Peasant |
| 1:06 | Peasant |
| 1:19 | Footman |
| 1:34 | Farm |
| 1:41 | Farm |
| 1:43 | Footman |
| 2:19 | Scout Tower |
| 2:30 | Lumber Mill |
| 2:33 | Scout Tower |
| 2:34 | Peasant |
| 2:46 | Summon Water Elemental |
| 2:47 | Footman |
| 3:12 | Peasant |
| 3:36 | Arcane Tower |
| 3:37 | Peasant |
| 3:37 | Peasant |
| 3:37 | Peasant |
| 4:43 | Scout Tower |
| 4:43 | Scout Tower |
| 4:44 | Peasant |
| 4:44 | Peasant |
| 4:58 | Peasant |
| 4:58 | Peasant |
| 5:43 | Keep |
| 6:09 | Arcane Tower |
| 6:44 | Arcane Vault |
| 6:52 | Goblin Shredder |
| 7:02 | Guard Tower |
| 7:28 | Blacksmith |
| 8:19 | Farm |
| 8:30 | Goblin Zeppelin |
| 9:14 | Storm Bolt |
| 9:36 | Arcane Sanctum |
| 9:57 | Arcane Sanctum |
| 10:04 | Brilliance Aura |
| 11:08 | Scroll of Regeneration |
| 11:20 | Magic Sentry |
| 11:32 | Arcane Sanctum |
| 11:57 | Peasant |
| 11:57 | Peasant |
| 11:57 | Peasant |
| 11:57 | Peasant |
| 12:31 | Scout Tower |
| 12:44 | Bash |
| 13:12 | Scroll of Town Portal |
| 13:21 | Scout Tower |
| 13:52 | Scout Tower |
| 14:15 | Castle |
| 14:17 | Priest Adept Training |
| 14:18 | Spell Breaker |
| 14:47 | Spell Breaker |
| 14:49 | Farm |
| 15:13 | Improved Masonry |
| 15:21 | Control Magic |
| 15:21 | Priest Master Training |
| 15:21 | Sorceress Adept Training |
| 15:25 | Summon Water Elemental |
| Right click | 1107 |
| Select group | 468 |
| Select | 371 |
| Chat | 226 |
| Build/train/purchase | 93 |
| Assign group | 59 |
| Use ability | 24 |
| Misc. action | 19 |
| Esc | 9 |
| Resource trade | 7 |
| Minimap ping | 6 |

x1)
| Scroll of Healing | 1 | 250 |
| Scroll of Town Portal | 1 | 350 |
| Boots of Speed | 1 | 250 |
| Staff of Teleportation | 1 | 150 |
| Tome of Retraining | 1 | 300 |
| Potion of Invisibility | 2 | 200 |
| Potion of Lesser Invulnerability | 2 | 300 |
| total: | 9 | 1800g |
| Wisp | 20 | 1200 | / | 0 |
| Archer | 8 | 1040 | / | 80 |
| Goblin Shredder | 1 | 375 | / | 100 |
| Goblin Zeppelin | 1 | 240 | / | 60 |
| total: | 30 | 2855g | / | 240w |
| Ancient Protector | 4 | 540 | / | 320 |
| Altar of Elders | 1 | 180 | / | 50 |
| Moon Well | 13 | 2340 | / | 520 |
| Ancient of War | 3 | 450 | / | 180 |
| Hunter's Hall | 1 | 210 | / | 100 |
| Ancient of Wonders | 2 | 180 | / | 60 |
| Tree of Life | 2 | 680 | / | 370 |
| Tree of Ages | 1 | 320 | / | 180 |
| Tree of Eternity | 1 | 330 | / | 200 |
| total: | 26 | 4580g | / | 1600w |
| 0:02 | Altar of Elders |
| 0:03 | Wisp |
| 0:03 | Wisp |
| 0:18 | Moon Well |
| 0:31 | Ancient of War |
| 0:32 | Wisp |
| 0:39 | Wisp |
| 0:39 | Wisp |
| 0:59 | Wisp |
| 1:04 | Wisp |
| 1:04 | Wisp |
| 1:17 | Wisp |
| 1:30 | Wisp |
| 1:33 | Archer |
| 1:51 | Wisp |
| 1:52 | Moon Well |
| 2:11 | Ancient of War |
| 2:35 | Shadow Strike |
| 3:01 | Wisp |
| 3:01 | Wisp |
| 3:04 | Moon Well |
| 3:07 | Hunter's Hall |
| 3:22 | Ancient of War |
| 3:23 | Wisp |
| 3:26 | Archer |
| 3:31 | Ancient of Wonders |
| 3:48 | Archer |
| 3:48 | Archer |
| 3:57 | Archer |
| 4:28 | Boots of Speed |
| 4:29 | Staff of Teleportation |
| 4:46 | Blink |
| 5:21 | Archer |
| 5:24 | Tree of Life |
| 5:35 | Moon Well |
| 5:59 | Ancient Protector |
| 6:05 | Ancient Protector |
| 6:36 | Tree of Ages |
| 6:50 | Archer |
| 7:04 | Shadow Strike |
| 7:36 | Scroll of Healing |
| 7:48 | Moon Well |
| 7:50 | Ancient Protector |
| 8:38 | Archer |
| 8:42 | Blink |
| 9:20 | Nature's Blessing |
| 10:15 | Moon Well |
| 10:27 | Moon Well |
| 10:28 | Tree of Eternity |
| 10:32 | Goblin Shredder |
| 10:33 | Goblin Zeppelin |
| 10:39 | Ancient Protector |
| 11:06 | Shadow Strike |
| 11:12 | Moon Well |
| 11:18 | Wisp |
| 11:36 | Wisp |
| 11:37 | Wisp |
| 12:02 | Tome of Retraining |
| 12:02 | Retrain Hero |
| 12:04 | Fan of Knives |
| 12:04 | Fan of Knives |
| 12:06 | Potion of Invisibility |
| 12:08 | Potion of Lesser Invulnerability |
| 13:25 | Wisp |
| 13:26 | Wisp |
| 13:26 | Wisp |
| 13:27 | Moon Well |
| 13:28 | Moon Well |
| 14:11 | Blink |
| 14:39 | Ancient of Wonders |
| 14:42 | Well Spring |
| 14:47 | Tree of Life |
| 14:48 | Moon Well |
| 14:49 | Moon Well |
| 14:49 | Moon Well |
| 15:08 | Potion of Invisibility |
| 15:09 | Potion of Lesser Invulnerability |
| 15:10 | Scroll of Town Portal |
| Right click | 1249 |
| Select group | 513 |
| Chat | 371 |
| Select | 296 |
| Build/train/purchase | 93 |
| Use ability | 57 |
| Assign group | 20 |
| Misc. action | 12 |
| Esc | 7 |
| Resource trade | 4 |
| Item give/drop | 2 |
62 units @ 7.2k
/ 0.9k
40 buildings @ 4.2k
/ 2k

| Scroll of Regeneration | 1 | 100 |
| Potion of Mana | 1 | 200 |
| Scroll of Town Portal | 1 | 350 |
| Potion of Lesser Invulnerability | 1 | 150 |
| Staff of Teleportation | 1 | 150 |
| total: | 5 | 950g |
| Peasant | 10 | 750 | / | 0 |
| Footman | 10 | 1350 | / | 0 |
| Sorceress | 4 | 620 | / | 80 |
| Priest | 3 | 405 | / | 30 |
| Goblin Sapper | 1 | 215 | / | 100 |
| total: | 28 | 3340g | / | 210w |
| Scout Tower | 5 | 150 | / | 100 |
| Arcane Tower | 1 | 70 | / | 50 |
| Guard Tower | 2 | 140 | / | 100 |
| Altar of Kings | 3 | 540 | / | 150 |
| Barracks | 1 | 160 | / | 60 |
| Farm | 7 | 560 | / | 140 |
| Lumber Mill | 1 | 120 | / | 0 |
| Arcane Vault | 1 | 130 | / | 30 |
| Arcane Sanctum | 4 | 600 | / | 560 |
| Keep | 1 | 320 | / | 210 |
| Castle | 1 | 360 | / | 210 |
| total: | 22 | 2260g | / | 1040w |
| 0:02 | Altar of Kings |
| 0:02 | Peasant |
| 0:02 | Peasant |
| 0:04 | Altar of Kings |
| 0:09 | Altar of Kings |
| 0:20 | Barracks |
| 0:25 | Farm |
| 0:30 | Peasant |
| 0:33 | Farm |
| 0:45 | Peasant |
| 1:09 | Peasant |
| 1:24 | Footman |
| 1:25 | Footman |
| 1:26 | Peasant |
| 1:30 | Scout Tower |
| 1:42 | Farm |
| 1:58 | Arcane Tower |
| 2:00 | Peasant |
| 2:06 | Footman |
| 2:13 | Flame Strike |
| 2:38 | Footman |
| 2:39 | Peasant |
| 2:50 | Footman |
| 2:50 | Peasant |
| 2:52 | Siphon Mana |
| 3:29 | Footman |
| 4:27 | Footman |
| 4:27 | Footman |
| 4:27 | Keep |
| 4:30 | Scout Tower |
| 4:55 | Scout Tower |
| 4:57 | Lumber Mill |
| 5:22 | Footman |
| 5:22 | Footman |
| 6:12 | Guard Tower |
| 6:47 | Scout Tower |
| 6:49 | Improved Lumber Harvesting |
| 6:53 | Arcane Sanctum |
| 6:53 | Arcane Sanctum |
| 7:34 | Guard Tower |
| 7:36 | Arcane Sanctum |
| 7:38 | Arcane Sanctum |
| 7:54 | Arcane Vault |
| 7:56 | Farm |
| 7:59 | Improved Masonry |
| 8:10 | Peasant |
| 8:14 | Sorceress Adept Training |
| 8:14 | Sorceress |
| 8:22 | Flame Strike |
| 8:50 | Scroll of Regeneration |
| 8:53 | Potion of Mana |
| 9:06 | Priest |
| 9:11 | Potion of Lesser Invulnerability |
| 9:14 | Staff of Teleportation |
| 9:37 | Priest Adept Training |
| 9:42 | Scout Tower |
| 9:44 | Farm |
| 10:56 | Sorceress |
| 10:56 | Priest |
| 10:58 | Farm |
| 10:59 | Farm |
| 12:06 | Sorceress |
| 12:08 | Castle |
| 12:10 | Scroll of Town Portal |
| 13:04 | Goblin Sapper |
| 14:47 | Sorceress |
| 14:47 | Priest |
| Right click | 909 |
| Select group | 869 |
| Select | 393 |
| Chat | 93 |
| Assign group | 77 |
| Build/train/purchase | 55 |
| Use ability | 26 |
| Misc. action | 5 |
| Resource trade | 5 |
| Item give/drop | 4 |
| Minimap ping | 1 |

| Scroll of Regeneration | 3 | 300 |
| Lesser Clarity Potion | 1 | 70 |
| Potion of Healing | 1 | 150 |
| Scroll of Town Portal | 1 | 350 |
| Boots of Speed | 2 | 500 |
| Staff of Teleportation | 1 | 150 |
| Potion of Invisibility | 1 | 100 |
| total: | 10 | 1620g |
| Peasant | 21 | 1575 | / | 0 |
| Mortar Team | 9 | 1620 | / | 630 |
| Sorceress | 4 | 620 | / | 80 |
| total: | 34 | 3815g | / | 710w |
| Scout Tower | 1 | 30 | / | 20 |
| Altar of Kings | 1 | 180 | / | 50 |
| Farm | 9 | 720 | / | 180 |
| Barracks | 1 | 160 | / | 60 |
| Blacksmith | 1 | 140 | / | 60 |
| Arcane Vault | 1 | 130 | / | 30 |
| Workshop | 3 | 420 | / | 420 |
| Arcane Sanctum | 1 | 150 | / | 140 |
| Keep | 1 | 320 | / | 210 |
| total: | 18 | 1930g | / | 960w |
| 0:01 | Peasant |
| 0:01 | Peasant |
| 0:04 | Altar of Kings |
| 0:09 | Farm |
| 0:19 | Peasant |
| 0:47 | Peasant |
| 0:57 | Peasant |
| 1:07 | Farm |
| 1:16 | Peasant |
| 1:19 | Barracks |
| 1:22 | Peasant |
| 1:22 | Peasant |
| 1:22 | Peasant |
| 1:22 | Peasant |
| 1:30 | Peasant |
| 1:30 | Peasant |
| 1:30 | Peasant |
| 1:39 | Peasant |
| 1:50 | Peasant |
| 1:54 | Farm |
| 2:03 | Blizzard |
| 2:28 | Keep |
| 3:26 | Blacksmith |
| 4:53 | Workshop |
| 4:53 | Arcane Sanctum |
| 4:55 | Workshop |
| 4:56 | Workshop |
| 5:27 | Black Gunpowder |
| 5:33 | Farm |
| 5:40 | Peasant |
| 5:41 | Peasant |
| 5:46 | Farm |
| 5:58 | Arcane Vault |
| 6:03 | Mortar Team |
| 6:13 | Boots of Speed |
| 6:14 | Boots of Speed |
| 6:21 | Mortar Team |
| 6:29 | Sorceress Adept Training |
| 6:30 | Sorceress |
| 6:47 | Staff of Teleportation |
| 7:02 | Mortar Team |
| 7:24 | Mortar Team |
| 7:34 | Sorceress |
| 7:41 | Brilliance Aura |
| 8:00 | Potion of Invisibility |
| 8:03 | Sorceress |
| 8:42 | Farm |
| 8:44 | Mortar Team |
| 9:19 | Scroll of Regeneration |
| 9:19 | Lesser Clarity Potion |
| 9:35 | Mortar Team |
| 9:38 | Farm |
| 9:56 | Refined Gunpowder |
| 10:29 | Mortar Team |
| 11:02 | Scroll of Regeneration |
| 11:02 | Scroll of Town Portal |
| 11:09 | Potion of Healing |
| 12:18 | Farm |
| 12:18 | Farm |
| 13:21 | Blizzard |
| 13:22 | Peasant |
| 13:22 | Peasant |
| 13:24 | Mortar Team |
| 13:27 | Sorceress |
| 13:30 | Scout Tower |
| 13:34 | Scroll of Regeneration |
| 14:28 | Mortar Team |
| 14:29 | Peasant |
| 14:50 | Peasant |
| Select group | 872 |
| Right click | 808 |
| Select | 196 |
| Build/train/purchase | 68 |
| Use ability | 58 |
| Chat | 15 |
| Assign group | 14 |
| Misc. action | 3 |
| Minimap ping | 3 |
| Esc | 2 |
| Item give/drop | 1 |
โ